 Seeded DCSS version 0.25.1-8-g42b30a86e7 (webtiles) character file.

Game seed: 20201210 (custom seed)

10 radhat240 the Sneak (level 2, -5/26 HPs)
             Began as a Naga Assassin on Dec 14, 2020.
             Killed from afar by an orc wizard (13 damage)
             ... with a puff of flame
             ... on level 4 of the Dungeon.
             The game lasted 00:03:52 (665 turns).

radhat240 the Sneak (Naga Assassin)                  Turns: 665, Time: 00:03:54

Health: -5/26      AC:  2    Str: 13    XL:     2   Next: 20%
Magic:  2/2        EV:  9    Int: 11    God:
Gold:   30         SH:  0    Dex: 12    Spells: 1/1 levels left

rFire    . . .     SeeInvis +   a - +2 dagger
rCold    . . .     Gourm    .   (no shield)
rNeg     . . .     Faith    .   b - +0 robe
rPois    +         Spirit   .   (no helmet)
rElec    .         Reflect  .   c - +0 cloak
rCorr    .         Harm     .   (no gloves)
MR       .....                  (no barding)
Stlth    +++.......             i - amulet of regeneration
HPRegen  0.48/turn              (no ring)
MPRegen  0.08/turn              (no ring)

@: lethally poisoned (-5 -> -5), very slow
A: large, see invisible, deformed body, poison resistance, slowness 2, slow
metabolism 1, spit poison 1, AC +0
a: Spit Poison


You were on level 4 of the Dungeon.
You were not hungry.

You visited 1 branch of the dungeon, and saw 4 of its levels.

You collected 30 gold pieces.

Inventory:

Hand Weapons
 a - a +2 dagger (weapon)
Missiles
 d - 25 poisoned darts (quivered)
 e - 2 curare-tipped darts
 h - 7 atropa-tipped darts
Armour
 b - a +0 robe (worn)
 c - a +0 cloak (worn)
Jewellery
 i - an amulet of regeneration (around neck)
Scrolls
 g - a scroll of identify {unknown}
Comestibles
 f - 2 rations


   Skills:
 + Level 2.0 Fighting
 + Level 2.1 Short Blades
 + Level 1.9 Throwing
 + Level 0.7 Dodging
 + Level 6.4 Stealth


You had one spell level left.
You didn't know any spells.
Your spell library was empty.

Dungeon Overview and Level Annotations

Branches:
Dungeon (4/15)
 Temple: D:4-7

Altars:
Dithmenos
Vehumet
Yredelemnul


Innate Abilities, Weirdness & Mutations

You cannot wear boots.
Your serpentine skin is tough. (AC +0)
You have supernaturally acute eyesight. (SInv)
Armour fits poorly on your strangely shaped body.
Your system is resistant to poisons. (rPois)
You cover ground very slowly.
You have a slow metabolism.
You can spit poison.


Message History

You barely miss the orc.
The orc wizard hits you with a +0 dagger of venom.
The orc barely misses you.
The orc wizard hits you with a +0 dagger of venom.
You closely miss the orc. The orc barely misses you.
The orc wizard looks braver for a moment.
You barely miss the orc.
You feel sick.
The orc wizard gestures at you while chanting.
The puff of flame hits you! The orc hits you with a +0 short sword.
You hit the orc.
The orc is moderately wounded.
The orc wizard barely misses you. The orc hits you but does no damage.
The orc wizard hits you but does no damage.
You hit the orc wizard.
The orc wizard is heavily wounded.
You feel sick.
The orc wizard points at you and mumbles some strange words.
The puff of flame hits you!
Ouch! That really hurt!
You die...

..#######.#
............###.#
#...#######....#
#..# #.#.## #.(#
#.#.# #..# ###.# #
#..# #...#
##..######.###.##
#.†@.......†....#
#..oo...###.###..#
#....##.# #.# #
#.##.##.# #.# ...
.....# #.# ###
##.#... ... ...$..
... .....#####


You could see an orc wizard (fast) and an orc.

Vanquished Creatures
  An orc (D:4)
  A giant cockroach (D:3)
  3 hobgoblins (D:2)
  A kobold (D:2)
  2 frilled lizards
8 creatures vanquished.

Notes
Turn   | Place    | Note
-------+----------+-------------------------------------------
     0 | D:1      | radhat240 the Naga Assassin began the quest for the Orb.
     0 | D:1      | Reached XP level 1. HP: 19/19 MP: 1/1
   169 | D:2      | Reached skill level 6 in Stealth
   494 | D:2      | Found a shadowy altar of Dithmenos.
   499 | D:2      | Found a basalt altar of Yredelemnul.
   499 | D:2      | Found a radiant altar of Vehumet.
   620 | D:3      | Reached XP level 2. HP: 26/26 MP: 2/2
   665 | D:4      | Killed from afar by an orc wizard

Illustrated notes

Levels and vault maps discovered:
D:1:      dpeg_arrival_snail, layout_basic
D:2:      layout_basic, chequers_temple_overflow_statue_of_worship,
          minmay_hedge_maze, minmay_misc_feat_five
D:3:      layout_basic
D:4:      layout_loops_ring, tgw_trog, first_ration, minmay_distorted

Skill      XL: |  1 |
---------------+----+-----
Stealth        | 6 |  6.4
Fighting       | |  2.0
Short Blades   | |  2.1
Throwing       | |  1.9
Dodging        | |  0.7

Action                   || total
-------------------------++-------
Melee: Dagger            ||    42
  Use: Scroll            ||     1
 Stab: Sleeping          ||     1
Armor: Robe              ||     7
Dodge: Dodged            ||    15
